 Dungeon Crawl Stone Soup version 0.28-a0-948-gee6e0bcda6 (webtiles) character file.

Game seed: 9168497387178717063

63 Gargoyl the Skirmisher (level 4, -2/41 HPs)
             Began as a Gnoll Abyssal Knight on Nov 30, 2021.
             Was a Follower of Lugonu.
             Slain by an orc warrior (8 damage)
             ... on level 4 of the Dungeon.
             The game lasted 00:03:24 (2283 turns).

Gargoyl the Skirmisher (Gnoll Abyssal Knight)       Turns: 2283, Time: 00:03:25

Health: -2/41      AC: 12    Str: 13    XL:     4   Next: 10%
Magic:  7/7        EV:  4    Int: 10    God:    Lugonu [*.....]
Gold:   78         SH:  0    Dex: 12    Spells: 5/5 levels left

rFire   . . .      SeeInvis .   a - +1 hand axe (spect)
rCold   . . .      Faith    .   (no shield)
rNeg    . . .      Spirit   .   g - +0 plate armour
rPois   .          Reflect  .   (no helmet)
rElec   .          Harm     .   (no cloak)
rCorr   .          Rampage  .   (no gloves)
Will    .....                   (no boots)
Stlth   ..........              (no amulet)
HPRegen 0.13/turn               (no ring)
MPRegen 0.10/turn               (no ring)

@: lethally poisoned (-2 -> -8)
A: fangs 1, strong nose, distributed training
a: Renounce Religion, Depart the Abyss


You were on level 4 of the Dungeon.
You worshipped Lugonu.
Lugonu was aware of your devotion.
You visited 1 branch of the dungeon, and saw 4 of its levels.
You visited the Abyss 1 time.

You collected 78 gold pieces.

Inventory:

Hand Weapons
 a - a +1 spectral hand axe (weapon)
Armour
 g - a +0 plate armour (worn)
Jewellery
 c - a ring of see invisible
Scrolls
 d - 2 scrolls of blinking
 i - a scroll of vulnerability {unknown}
 k - a scroll of identify
Potions
 b - a potion of attraction
 e - a potion of cancellation {unknown}
 f - a potion of heal wounds
 h - a potion of magic {unknown}
 j - a potion of brilliance {unknown}


   Skills:
 + Level 6.6 Fighting
 + Level 1.0 Short Blades
 + Level 1.0 Long Blades
 + Level 4.6 Axes
 + Level 1.0 Maces & Flails
 + Level 1.0 Polearms
 + Level 1.0 Staves
 + Level 1.0 Slings
 + Level 1.0 Bows
 + Level 1.0 Crossbows
 + Level 1.0 Throwing
 + Level 4.6 Armour
 + Level 2.7 Dodging
 + Level 1.0 Stealth
 + Level 1.0 Shields
 + Level 1.0 Unarmed Combat
 + Level 1.0 Spellcasting
 + Level 0.8 Conjurations
 + Level 0.8 Hexes
 + Level 0.8 Summonings
 + Level 0.8 Necromancy
 + Level 0.8 Translocations
 + Level 0.8 Transmutations
 + Level 0.8 Fire Magic
 + Level 0.8 Ice Magic
 + Level 0.8 Air Magic
 + Level 0.8 Earth Magic
 + Level 0.8 Poison Magic
 + Level 4.6 Invocations
 + Level 1.0 Evocations


You had 5 spell levels left.
You didn't know any spells.
Your spell library contained the following spells:

 Spells                   Type           Power      Damage    Failure   Level
 Ignite Poison            Fire/Tmut/Pois 2%         N/A       100%        3
 Mephitic Cloud           Conj/Pois/Air  2%         N/A       100%        3
 Freezing Cloud           Conj/Ice/Air   1%         6-21      100%        5


Dungeon Overview and Level Annotations

Branches:
Dungeon (4/15)
 Temple: D:4-7

Altars:


Innate Abilities, Weirdness & Mutations

You have very sharp teeth.
Your uncanny sense of smell can sniff out nearby items.
Your experience applies equally to all skills.


Message History

You kill the orc!
Lugonu accepts your kill.
There is a stone staircase leading up here.
You see here a +0 whip.
You start resting.
HP restored.
You climb upwards.
There is a stone staircase leading down here.
The orc warrior hits you with a +0 dire flail!
The orc priest barely misses you.
You climb downwards.
There is a stone staircase leading up here.
You see here a +0 whip.
You hit the orc priest.
The orc priest is lightly wounded.
You hit the orc warrior.
The orc warrior hits you with a +0 dire flail!
The orc priest barely misses you.
Unknown command.
You hit the orc priest.
The orc priest is heavily wounded.
You hit the orc warrior but do no damage.
The orc warrior hits you with a +0 dire flail!
The orc priest hits you but does no damage.
You are poisoned.
Unknown command.
You barely miss the orc priest.
The orc priest is heavily wounded.
You closely miss the orc warrior.
You feel very sick.
The orc warrior hits you with a +0 dire flail.
* * * LOW HITPOINT WARNING * * *
The orc priest barely misses you.
You hit the orc priest. Your bite misses the orc priest.
The orc priest is almost dead.
You closely miss the orc warrior.
* * * LOW HITPOINT WARNING * * *
You feel sick.
The orc warrior hits you with a +0 dire flail!
You die...

# .#
###.#.#.#
#o......#
#@#.#.###
#o# # #.#
... #..
#.## #..
#.#


You could see an orc warrior and an orc priest.

Vanquished Creatures
  2 adders (D:2)
  3 dart slugs
  2 orcs (D:4)
  2 ball pythons
  5 bats
  7 endoplasms
  A giant cockroach (D:1)
  4 goblins
  3 hobgoblins
  A frilled lizard (D:2)
  4 rats
34 creatures vanquished.

Notes
Turn   | Place    | Note
-------+----------+-------------------------------------------
     0 | Abyss:1  | Gargoyl the Gnoll Abyssal Knight began the quest for the
                  | Orb.
     0 | Abyss:1  | Reached XP level 1. HP: 23/23 MP: 3/3
    71 | Abyss:2  | Noticed a small abomination
    85 | Abyss:2  | Noticed an orange demon
    96 | Abyss:2  | Noticed an orange demon
   120 | Abyss:3  | Noticed a mana viper
   136 | Abyss:3  | Noticed a smoke demon
   137 | D:1      | Escaped the Abyss
   422 | D:1      | Reached XP level 2. HP: 29/29 MP: 5/5
   532 | D:1      | Reached * piety under Lugonu
  1076 | D:2      | Reached XP level 3. HP: 20/35 MP: 6/6
  1737 | D:2      | Reached skill level 1 in Short Blades
  1737 | D:2      | Reached skill level 1 in Long Blades
  1737 | D:2      | Reached skill level 1 in Maces & Flails
  1737 | D:2      | Reached skill level 1 in Polearms
  1737 | D:2      | Reached skill level 1 in Staves
  1737 | D:2      | Reached skill level 1 in Slings
  1737 | D:2      | Reached skill level 1 in Bows
  1737 | D:2      | Reached skill level 1 in Crossbows
  1737 | D:2      | Reached skill level 1 in Throwing
  1737 | D:2      | Reached skill level 1 in Stealth
  1737 | D:2      | Reached skill level 1 in Shields
  1737 | D:2      | Reached skill level 1 in Unarmed Combat
  1737 | D:2      | Reached skill level 1 in Spellcasting
  1737 | D:2      | Reached skill level 1 in Evocations
  1788 | D:2      | Found a faded altar of an unknown god.
  2034 | D:3      | Reached XP level 4. HP: 38/41 MP: 7/7
  2098 | D:3      | Noticed an orc warrior
  2283 | D:4      | Slain by an orc warrior

Illustrated notes

Levels and vault maps discovered:
D:1:      lightli_arrival_lavapool, layout_loops_ring, serial_glass,
          glass_columns_c, glass_columns_a, item_on_display_a, feat_on_display,
          feat_on_display, minmay_strange_pillars, minmay_strange_pillars
D:2:      layout_basic, dreamdust_ecumenical_altar_angels_and_demons,
          dk_noncrumbling_2
D:3:      layout_rooms, cheibriados_altar_1, uniq_robin, uniq_terence
D:4:      nicolae_cairo_tiling_large_dashed, layout_loops_corners

Skill      XL: |  1  2  3 |
---------------+----------+-----
Short Blades   | 1 |  1.0
Long Blades    | 1 |  1.0
Maces & Flails | 1 |  1.0
Polearms       | 1 |  1.0
Staves         | 1 |  1.0
Slings         | 1 |  1.0
Bows           | 1 |  1.0
Crossbows      | 1 |  1.0
Throwing       | 1 |  1.0
Stealth        | 1 |  1.0
Shields        | 1 |  1.0
Unarmed Combat | 1 |  1.0
Spellcasting   | 1 |  1.0
Evocations     | 1 |  1.0
Fighting       | |  6.6
Axes           | |  4.6
Armour         | |  4.6
Dodging        | |  2.7
Conjurations   | |  0.8
Hexes          | |  0.8
Summonings     | |  0.8
Necromancy     | |  0.8
Translocations | |  0.8
Transmutations | |  0.8
Fire Magic     | |  0.8
Ice Magic      | |  0.8
Air Magic      | |  0.8
Earth Magic    | |  0.8
Poison Magic   | |  0.8
Invocations    | |  4.6

Action                   |  1- 3 |  4- 6 || total
-------------------------+-------+-------++-------
Melee: Hand axe          |    88 |    10 ||    98
       Bite              |     7 |       ||     7
Invok: Depart the Abyss  |     1 |       ||     1
  Use: Scroll            |     7 |       ||     7
Armor: Leather armour    |    13 |       ||    13
       Plate armour      |    40 |     7 ||    47
Dodge: Dodged            |    43 |     7 ||    50

Table legend: (Time is in decaauts)
 A = Elapsed time spent in this place.
 B = Non-inter-level travel time spent in this place.
 C = Inter-level travel time spent in this place.
 D = Time resting spent in this place.
 E = Time spent auto-exploring this place.
 F = Levels seen in this place.
 G = Mean time per level.
                   A        B        C        D        E       F      G
               +--------+--------+--------+--------+--------+-----+--------+
         Total |   2290 |   2270 |     20 |    151 |   1690 |   7 |  327.1 |
       Dungeon |   2153 |   2133 |     20 |    151 |   1643 |   4 |  538.2 |
         Abyss |    136 |    136 |      0 |      0 |     47 |   3 |   45.3 |
               +--------+--------+--------+--------+--------+-----+--------+

Top non-repeatable levels by time:
     D:2: 1035 daAuts
     D:1: 849 daAuts
     D:4: 168 daAuts
     D:3: 100 daAuts
 Abyss:1: 61 daAuts
 Abyss:3: 40 daAuts
 Abyss:2: 34 daAuts
